[Event "EOC-ch Playoff-A 2021"]
[Site "Online"]
[Date "2021.03.29"]
[Round "5.12"]
[White "Sharafiev, Azat"]
[Black "Steinberg, Nitzan"]
[Result "1-0"]
[ECO "D52"]
[WhiteElo "2432"]
[BlackElo "2553"]
[Annotator "ChessBase"]
[PlyCount "113"]
[EventDate "2021.03.29"]
[EventType "team-tourn"]
[EventCountry "NET"]
[SourceTitle "playchess.com"]
[Source "ChessBase"]
[SourceQuality "1"]
[TimeControl "900+5"]

1. d4 d5 2. c4 c6 3. Nf3 Nf6 4. Nc3 e6 5. Bg5 Nbd7 6. cxd5 exd5 7. e3 Qa5 8. Nd2 Ne4 9. Ndxe4 dxe4 10. Bh4 Nb6 11. Be2 Bf5 12. O-O Bg6 13. Qd2 Qf5 14. d5 Bc5 15. dxc6 bxc6 16. Rac1 O-O 17. Rfd1 Rfe8 18. h3 h5 19. Qc2 Be7 20. Bxe7 Rxe7 21. Rd6 Re6 22. Qd2 Rae8 23. Bf1 Qg5 24. Ne2 Bf5 25. Nf4 Rxd6 26. Qxd6 Bd7 27. Rc5 Qe7 28. Qxe7 Rxe7 29. Nxh5 f6 30. Nf4 Kf7 31. Bc4+ Nxc4 32. Rxc4 Re5 33. Ne2 Ke7 34. Nc3 f5 35. b4 Kd6 36. Rd4+ Kc7 37. h4 Be6 38. a3 c5 39. Rd2 Bb3 40. Kh2 g6 41. Kg3 Kc6 42. Kf4 Re6 43. Rd8 Kc7 44. Rd2 c4 45. h5 gxh5 46. Kxf5 Ra6 47. a4 Bxa4 48. b5 Ra5 49. Ra2 a6 50. Rxa4 Rxa4 51. Nxa4 axb5 52. Nc3 Kc6 53. Kxe4 Kc5 54. f4 b4 55. Ne2 b3 56. Nc3 b2 57. Na4+ 1-0